 Dungeon Crawl Stone Soup version 0.22-a0-480-g991dd4b (webtiles) character file.

637831 stealthycow the Slayer (level 27, -13/241 HPs)
             Began as a Minotaur Berserker on June 14, 2018.
             Was the Champion of Trog.
             Killed from afar by Dophuche the pandemonium lord (31 damage)
             ... with a great blast of fire
             ... on level 5 of the Realm of Zot.
             The game lasted 05:16:38 (79311 turns).

stealthycow the Slayer (Minotaur Berserker)        Turns: 79311, Time: 05:16:38

Health: -13/241    AC: 40    Str: 26    XL:     27
Magic:  17/17      EV: 22    Int:  7    God:    Trog [******]
Gold:   4866       SH: 43    Dex: 21    Spells: 26/26 levels left

rFire    + + .     SeeInvis .   a - +9 broad axe (flame)
rCold    + + .     Gourm    .   K - +8 large shield
rNeg     . . .     Faith    .   M - +3 gold dragon scales
rPois    +         Spirit   .   S - +2 hat {Int+3}
rElec    .         Reflect  +   f - +2 cloak {MR+}
rCorr    +         Harm     .   R - +1 pair of gloves of the Heavens {rF+ rCorr Str+4}
MR       +++..     Rnd*Rage +   Y - +2 pair of boots {run}
Stlth    ..........             P - brooch of Shielding {Reflect SH+8}
HPRegen  0.50/turn              Q - ring of protection from cold
MPRegen  0.15/turn              J - +4 ring of protection

@: quick
A: retaliatory headbutt, hooves 1, horns 2, berserk 1, deformed body, frail 1,
low mp 2, screaming 2, weak 1
0: Orb of Zot
}: 3/15 runes: serpentine, barnacled, silver
a: Berserk, Trog's Hand, Brothers in Arms, Renounce Religion


You were on level 5 of the Realm of Zot.
You worshipped Trog.
Trog was exalted by your worship.
You were not hungry.

You visited 9 branches of the dungeon, and saw 49 of its levels.

You collected 7619 gold pieces.
You spent 2753 gold pieces at shops.

Inventory:

Hand Weapons
 a - a +9 broad axe of flaming (weapon)
Missiles
 q - 12 throwing nets
 w - 58 tomahawks (quivered)
Armour
 f - a +2 cloak of magic resistance (worn)
 x - a scarf of resistance
 K - a +8 large shield (worn)
 M - +3 gold dragon scales (worn)
 N - the +8 orange crystal plate armour {Archmagi, Int+3 Clar}
   (You took it off an orc on level 12 of the Dungeon)

   It affects your intelligence (+3).
   It protects you against confusion.
 R - the +1 pair of gloves of the Heavens (worn) {rF+ rCorr Str+4}
   (You acquired it on level 1 of the Lair of Beasts)

   It affects your strength (+4).
   It protects you from fire.
   It protects you from acid and corrosion.
 S - a +2 hat of intelligence (worn)
 Y - a +2 pair of boots of running (worn)
Jewellery
 d - a +6 ring of intelligence
 i - an uncursed ring of poison resistance
 j - an uncursed amulet of the acrobat {unknown}
 v - an uncursed ring of see invisible
 B - an uncursed ring of protection from magic
 J - a +4 ring of protection (right hand)
 P - the brooch of Shielding (around neck) {Reflect SH+8}
   (You bought it in a shop on level 2 of the Orcish Mines)

   [amulet of reflection]

   It shields you and reflects attacks.
   It affects your SH (+8).
 Q - a ring of protection from cold (left hand)
Wands
 r - a wand of scattershot (11)
 C - a wand of paralysis (6)
 D - a wand of iceblast (51)
 H - a wand of clouds (6)
 I - a wand of disintegration (44)
 O - a wand of acid (18)
 X - a wand of digging (5)
Scrolls
 e - 12 scrolls of identify
 h - 19 scrolls of teleportation
 l - 10 scrolls of blinking
 u - 2 scrolls of summoning
 y - 18 scrolls of remove curse
 A - 6 scrolls of fog
 F - 4 scrolls of fear
 U - 3 scrolls of silence
 V - 4 scrolls of immolation
Potions
 g - 5 potions of might
 k - 2 potions of flight
 m - 12 potions of heal wounds
 o - 4 potions of resistance
 p - 15 potions of curing
 s - 4 potions of mutation
 t - 11 potions of lignification
 z - 9 potions of agility
 G - 5 potions of cancellation
 L - 7 potions of ambrosia
 T - 8 potions of haste
 W - 2 potions of invisibility
Comestibles
 c - 28 rations


   Skills:
 + Level 25.8 Fighting
 - Level 22.7 Axes
 + Level 25.5 Armour
 + Level 23.9 Dodging
 - Level 25.0 Shields


You had 26 spell levels left.
You didn't know any spells.
Your spell library was empty.

Dungeon Overview and Level Annotations

Branches:
Dungeon (15/15)            Temple (0/1) D:7            Lair (6/6) D:11
 Shoals (4/4) Lair:4        Snake (4/4) Lair:2        Slime (0/5) Lair:6
    Orc (2/2) D:12            Elf (3/3) Orc:2        Vaults (5/5) D:13
  Crypt (0/3) Vaults:2     Depths (5/5) D:15            Zot (5/5) Depths:5

Altars:
Ashenzari
Cheibriados
Elyvilon
Gozag
Hepliaklqana
Makhleb
Ru
Sif Muna
Xom
The Shining One
Jiyva

Shops:
D:14 :[[?   D:15 %   Orc:2 =[!!%   Shoals:2 *%**   Snake:1 =}=   Snake:3 [
Vaults:1 *?   Depths:1 =

Portals:
Hell: Depths:1 Depths:2 Depths:3 Depths:4 Depths:5
Abyss: Depths:4
Pandemonium: Depths:3 Depths:5
Ziggurat: Depths:5
Trove: Depths:1 (give horn of Geryon)

Annotations:
D:5 exclusion: downstairs
Orc:1 3 exclusions
Elf:2 exclusion: 5 doors
Depths:2 exclusion: 2 orange crystal statues


Innate Abilities, Weirdness & Mutations

You reflexively headbutt those who attack you in melee.
You have a pair of horns on your head.
You have large cloven feet.
You tend to lose your temper in combat.
Armour fits poorly on your strangely shaped body.
You are frail. (-10% HP)
Your magical capacity is very low. (-20% MP)
You sometimes yell uncontrollably at your foes.
You are weak. (Str -2)


Message History

Dophuche gestures at you.
A raging storm of fire appears!
The great blast of fire engulfs you! You partially resist.
* * * LOW HITPOINT WARNING * * *
The great blast of fire engulfs Dophuche.
Dophuche partially resists.
The great blast of fire engulfs the Hell Sentinel.
The Hell Sentinel partially resists.
The great blast of fire engulfs the hellion.
The hellion dies!
You block Dophuche's attack. 3 fire vortices come into view.
You are engulfed in blazing flames.
You resist. You block Dophuche's attack.
You block the Hell Sentinel's attack. x2
There is an escape hatch in the ceiling here.
You are engulfed in blazing flames.
You resist. Dophuche gestures at you.
A raging storm of fire appears!
The great blast of fire engulfs you! You partially resist.
You die...

##########.##.......# #.#
#..........##.......# #.#
#.########.##)...)..#####.#
#.## #..'[...[L.'.....#
...# #.##[..##§########
##.# #.######§§§## #.# #.##
##8§v§8## ####### #.# #2.#
#§&1§§..# #......
##.########.# #§@§8§<[#
#...... ......2.[...#
#§v§§§..# #......
##.########.# ##8§v§8##
#...... .).# #.#####...##
#...... .### #.....#####
#...... .# ######.# #......
'##### ####'#### #......
)....# #.......# ##'###'
)....# #.......# #⌠# #.


You could see Dophuche, a Hell Sentinel, a lich and 3 fire vortices.

Vanquished Creatures
  4 orbs of fire
  8 ancient liches
  Frederick (Vaults:4)
  Saint Roka (Depths:4)
  6 Killer Klowns
  Nikola (Lair:4)
  3 curse toes
  8 golden dragons
  A bone dragon (Depths:5)
  A Tzitzimitl (Depths:2)
  6 electric golems
  A hellephant (Zot:4)
  19 tentacled monstrosities
  Asterion (Elf:3)
  26 Orb Guardians (Zot:5)
  2 deep elf blademasters (Elf:3)
  4 titans
  4 liches
  Polyphemus (Shoals:2)
  6 sphinxes
  5 quicksilver dragons
  9 death cobs
  11 shadow dragons
  11 storm dragons
  7 draconian monks
  Donald (Shoals:3)
  5 tengu reavers
  10 fire giants
  Roxanne (Shoals:3)
  6 nagarajas
  Ilsuiw (Shoals:3)
  5 deep elf sorcerers
  10 frost giants
  An iron dragon (Vaults:5)
  10 vault wardens
  2 ghost moths (Zot:5)
  7 draconian knights
  2 balrugs
  Louise (Elf:1)
  An orc warlord (Orc:2)
  9 draconian scorchers
  A curse skull (Vaults:2)
  A ghoul (Vaults:4)
  Aizul (Snake:1)
  6 draconian shifters
  5 draconian stormcallers
  2 deep elf elementalists (Elf:3)
  2 spriggan defenders
  8 draconian annihilators
  21 stone giants
  16 ironheart preservers
  5 war gargoyles
  19 very ugly things
  20 green draconians
  2 vampire knights
  13 black draconians
  7 spark wasps
  8 deep elf demonologists
  12 red draconians
  14 white draconians
  10 yellow draconians
  11 deep elf annihilators
  A dire elephant (Zot:4)
  11 ettins
  11 purple draconians
  2 eidola
  2 merfolk javelineers (Shoals:4)
  7 fire dragons
  7 deep elf death magi
  Josephine (Orc:2)
  8 merfolk impalers
  10 yaktaur captains
  22 vault guards (Vaults:5)
  7 great orbs of eyes
  4 deep elf high priests
  5 rakshasas
  8 ice dragons
  Erolcha (Orc:2)
  3 hydras
  8 naga warriors
  12 centaur warriors
  2 death knights
  An alligator snapping turtle (Shoals:1)
  15 ogre magi
  53 two-headed ogres
  The ghost of pmoppi the Fighter, a journeyman GrFi of the Shining One (D:11)
  4 anacondas
  8 spriggan air magi
  18 dancing weapons
  2 merfolk aquamancers
  4 merfolk avatars
  An alligator (shapeshifter) (Vaults:5)
  A catoblepas (Lair:6)
  A satyr (Shoals:4)
  8 deep troll shamans
  5 tengu warriors
  14 death yaks
  4 deep troll earth magi
  A shock serpent (Snake:1)
  5 orc high priests
  8 naga sharpshooters
  17 hell knights
  37 slime creatures
  Nergalle (D:10)
  A soul eater (Depths:2)
  3 spriggan berserkers
  2 sun demons (Depths:4)
  2 fire crabs (shapeshifter)
  5 salamander mystics
  4 iron trolls
  5 shadow wraiths
  9 skeletal warriors
  10 deep elf knights
  A spark wasp zombie (D:15)
  2 spectral anacondas (Depths:2)
  An iron troll (shapeshifter) (Depths:1)
  A death drake (Depths:2)
  2 glowing orange brains
  A deep troll (shapeshifter) (Vaults:5)
  22 deep trolls
  A glowing orange brain (shapeshifter) (Depths:5)
  4 wizards
  3 flayed ghosts
  2 swamp dragons (Lair:1)
  7 naga ritualists
  6 sea snakes
  2 unseen horrors
  7 phantasmal warriors
  A harpy (shapeshifter) (Vaults:5)
  20 orc knights
  A sphinx zombie (D:15)
  13 ironbrand convokers
  6 deep elf archers
  42 deep elf magi
  20 harpies
  A mana viper (shapeshifter) (Vaults:5)
  7 necromancers
  66 ugly things
  13 manticores
  A frost giant zombie (Vaults:3)
  8 fauns
  10 orc sorcerers
  4 wolf spiders
  11 mana vipers
  A manticore (shapeshifter) (Depths:1)
  Maurice (D:10)
  8 merfolk sirens
  29 moths of wrath
  13 salamanders
  5 cyclopes
  3 centaur zombies
  A tengu skeleton (Depths:3)
  3 guardian serpents (Snake:3)
  6 water nymphs
  An elf zombie (D:15)
  19 elephants
  14 black mambas
  21 naga magi
  7 vault sentinels
  2 gargoyles (D:13)
  A black mamba (shapeshifter) (Depths:1)
  9 spiny frogs
  5 rime drakes
  14 freezing wraiths
  46 yaktaurs
  6 small abominations
  4 kobold demonologists
  5 komodo dragons
  A human zombie (Vaults:3)
  5 tengu conjurers
  2 hellwings (Depths:3)
  A red devil (Depths:3)
  11 trolls
  2 spectral merfolk (Depths:2)
  21 merfolk
  2 harpy zombies (Shoals:3)
  A queen bee (shapeshifter) (Depths:5)
  7 polar bears
  3 wind drakes
  A tengu simulacrum (Vaults:3)
  9 hornets
  6 hippogriffs
  11 blink frogs
  13 snapping turtles
  4 raiju
  An ice dragon zombie (D:15)
  A flying skull (Vaults:2)
  4 air elementals
  5 large abominations (Depths:5)
  7 shadows
  8 redbacks (Depths:1)
  A spriggan (shapeshifter) (Vaults:2)
  Sigmund (D:2)
  25 water elementals
  2 basilisks (shapeshifter)
  3 vampires
  3 basilisks
  9 wraiths
  2 yaks (shapeshifter)
  6 humans (Zot:4)
  5 spriggans
  A wyvern (D:11)
  29 yaks
  2 fire elementals (Elf:3)
  A steam dragon (D:12)
  5 hungry ghosts
  3 vampire mosquitoes (D:14)
  6 wargs
  11 water moccasins
  38 nagas
  2 acid dragons
  A swamp drake (D:12)
  6 hell hounds
  3 floating eyes
  45 orc warriors
  4 spectral spriggans (Depths:2)
  6 porcupines
  A swamp drake (shapeshifter) (Vaults:5)
  A black bear (D:9)
  A sky beast (shapeshifter) (D:13)
  A sky beast (D:11)
  4 ice beasts
  A necrophage (D:11)
  A phantom (D:6)
  12 wolves
  A centaur (shapeshifter) (Depths:2)
  43 ogres
  A boggart (Vaults:1)
  24 centaurs
  8 big kobolds
  12 crocodiles
  A big kobold (shapeshifter) (D:15)
  2 hippogriff zombies (Shoals:3)
  10 bullfrogs
  A wyvern zombie (D:11)
  3 earth elementals
  A wyvern skeleton (D:14)
  2 hornet simulacra (D:14)
  3 scorpions
  3 spectral nagas (Depths:2)
  A human simulacrum (Vaults:3)
  12 killer bees
  2 spectral ogres (Depths:2)
  7 wights
  3 electric eels
  A vampire bat (D:9)
  3 howler monkeys
  2 spectral centaurs (Depths:2)
  8 crimson imps
  2 quasits
  A bullfrog zombie (D:8)
  3 hounds
  6 jellies
  Crazy Yiuf (D:2)
  29 orc priests
  2 bullfrog skeletons (D:10)
  6 centaur skeletons
  An iron imp (Depths:3)
  4 iguanas
  31 orc wizards
  A troll simulacrum (Depths:2)
  4 worker ants
  6 hell rats (Lair:2)
  A spriggan simulacrum (Depths:2)
  A killer bee zombie (D:10)
  2 centaur simulacra (Depths:2)
  A hound zombie (D:6)
  A worker ant zombie (D:9)
  14 gnolls (D:6)
  A howler monkey skeleton (D:11)
  6 adders
  5 shadow imps
  2 worms
  2 dart slugs
  12 leopard geckos
  123 orcs
  A bat zombie (Shoals:3)
  2 giant cockroaches
  41 goblins
  28 hobgoblins
  15 jackals
  8 quokkas
  A ball python (D:2)
  16 bats
  2 frilled lizards
  A giant cockroach zombie (D:5)
  A goblin skeleton (D:5)
  4 hobgoblin zombies (D:5)
  24 kobolds
  A kobold skeleton (D:5)
  A kobold zombie (D:5)
  2 orc skeletons (D:5)
  An orc zombie (D:5)
  A quokka skeleton (D:8)
  8 rats
  10 crawling corpses
  4 fungi
  A pillar of salt (Vaults:4)
  34 plants
  A withered plant (D:15)
2293 creatures vanquished.

Vanquished Creatures (collateral kills)
  The ghost of puissantveil the Geomancer, a journeyman GrEE of Vehumet (Lair:6)
  A dire elephant (Lair:6)
  2 green deaths (Snake:2)
  2 vault guards (Vaults:5)
  A catoblepas (Shoals:2)
  An anaconda (Snake:3)
  A naga warrior (Snake:4)
  A deep troll shaman (Lair:6)
  3 death yaks
  A naga sharpshooter (Snake:2)
  2 shock serpents
  A harpy (Vaults:5)
  A salamander (Snake:2)
  A black mamba (Snake:2)
  A naga mage (Snake:4)
  An elephant (Lair:6)
  A hippogriff (Lair:6)
  2 nagas (Snake:2)
  A crawling corpse (Vaults:5)
25 creatures vanquished.

Vanquished Creatures (others)
  2 deep elf master archers (Elf:3)
  A fire giant (Depths:4)
  2 stone giants (Depths:5)
  3 yaktaur captains
  A fire dragon (Depths:2)
  A deep elf death mage (Vaults:5)
  A satyr (Shoals:3)
  2 naga sharpshooters
  A deep elf archer (Elf:2)
  2 fauns
  2 cyclopes (Vaults:1)
  A moth of wrath (Zot:5)
  A naga mage (Snake:4)
  A hellion (Zot:5)
  15 yaktaurs
  An ogre (Vaults:4)
  A wolf (Depths:2)
  A small abomination (Depths:5)
  An orc wizard (D:9)
  A bush (Lair:2)
  3 fungi
  2 pillars of salt (Vaults:4)
  22 plants
  A withered plant (D:15)
69 creatures vanquished.

Grand Total: 2387 creatures vanquished

Notes
Turn   | Place    | Note
-------+----------+-------------------------------------------
     0 | D:1      | stealthycow the Minotaur Berserker began the quest for the Orb.
     0 | D:1      | Reached XP level 1. HP: 19/19 MP: 0/0
    50 | D:1      | Found a shattered altar of Ashenzari.
   132 | D:1      | Reached XP level 2. HP: 27/27 MP: 1/1
   450 | D:1      | Reached XP level 3. HP: 29/33 MP: 2/2
   605 | D:1      | Reached ** piety under Trog
   869 | D:2      | Found a faded altar of an unknown god.
   986 | D:2      | Reached XP level 4. HP: 34/40 MP: 3/3
  1064 | D:2      | Noticed Sigmund
  1077 | D:2      | Killed Sigmund
  1077 | D:2      | Reached skill level 5 in Axes
  1077 | D:2      | Reached XP level 5. HP: 47/47 MP: 4/4
  1336 | D:2      | Found a runed door.
  1340 | D:2      | Noticed Crazy Yiuf
  1346 | D:2      | Killed Crazy Yiuf
  1439 | D:3      | Reached XP level 6. HP: 55/55 MP: 5/5
  1616 | D:3      | Reached *** piety under Trog
  1652 | D:3      | Reached skill level 5 in Fighting
  2261 | D:3      | Found a burning altar of Makhleb.
  2556 | D:4      | Reached XP level 7. HP: 39/61 MP: 6/6
  2789 | D:4      | Found a white marble altar of Elyvilon.
  2976 | D:4      | Found an opulent altar of Gozag.
  3322 | D:5      | Entered Level 5 of the Dungeon
  3331 | D:5      | Found a glowing golden altar of the Shining One.
  3760 | D:5      | Reached **** piety under Trog
  3868 | D:5      | Reached skill level 5 in Armour
  4925 | D:6      | Found a shimmering altar of Xom.
  4945 | D:6      | Reached skill level 5 in Dodging
  4945 | D:6      | Reached XP level 8. HP: 39/70 MP: 7/7
  5652 | D:6      | Received a gift from Trog
  5868 | D:6      | Reached ***** piety under Trog
  6073 | D:6      | Got a spiked ring mail
  6388 | D:7      | Reached XP level 9. HP: 59/79 MP: 8/8
  6409 | D:7      | Identified the +1 ring mail of Nanterph {Dex+5} (You found it on level 6 of the Dungeon)
  6722 | D:7      | Reached skill level 10 in Axes
  6884 | D:7      | Found a staircase to the Ecumenical Temple.
  7214 | D:8      | Received a gift from Trog
  7215 | D:8      | Noticed a two-headed ogre
  7226 | D:8      | Killed a two-headed ogre
  7622 | D:8      | Found Reheicvergh's Weapon Emporium.
  7774 | D:8      | Noticed a two-headed ogre
  7781 | D:8      | Killed a two-headed ogre
  7781 | D:8      | Reached XP level 10. HP: 90/90 MP: 9/9
  7934 | D:8      | Found a hazy altar of Hepliaklqana.
  8361 | D:9      | Noticed a two-headed ogre
  8381 | D:9      | Killed a two-headed ogre
  9817 | D:9      | Found a sacrificial altar of Ru.
  9902 | D:10     | Entered Level 10 of the Dungeon
  9961 | D:10     | Noticed a two-headed ogre
  9970 | D:10     | Killed a two-headed ogre
 10359 | D:10     | Noticed Nergalle
 10372 | D:10     | Killed Nergalle
 10372 | D:10     | Received a gift from Trog
 10372 | D:10     | Reached XP level 11. HP: 61/99 MP: 10/10
 10759 | D:10     | Killed an unseen horror
 10840 | D:10     | Reached skill level 10 in Fighting
 11056 | D:10     | Noticed Maurice
 11066 | D:10     | Killed Maurice
 11693 | D:11     | Noticed a two-headed ogre
 11971 | D:11     | Killed a two-headed ogre
 12142 | D:11     | Noticed a purple ugly thing
 12152 | D:11     | Killed a purple ugly thing
 12162 | D:11     | Noticed pmoppi's ghost (journeyman GrFi)
 12239 | D:11     | Killed pmoppi's ghost
 12239 | D:11     | Reached skill level 10 in Armour
 12460 | D:11     | Noticed a white ugly thing
 12469 | D:11     | Killed a white ugly thing
 12470 | D:11     | Noticed a two-headed ogre
 12475 | D:11     | Killed a two-headed ogre
 12737 | D:11     | Found a staircase to the Lair.
 12914 | D:11     | Paralysed by a hornet for 3 turns
 12923 | D:11     | Noticed a red ugly thing
 12982 | D:11     | Noticed a six-headed hydra
 12984 | D:11     | Reached XP level 12. HP: 110/110 MP: 11/11
 12996 | D:11     | Killed a four-headed hydra
 12996 | D:11     | Reached skill level 10 in Dodging
 13546 | D:12     | You fall through a shaft!
 13583 | D:13     | Noticed a centaur warrior
 13588 | D:13     | Killed a centaur warrior
 13588 | D:13     | Reached skill level 15 in Axes
 13682 | D:13     | Received a gift from Trog
 13690 | D:13     | Noticed a two-headed ogre
 13694 | D:13     | Noticed an ogre mage
 13696 | D:13     | Killed a two-headed ogre
 13699 | D:13     | Noticed a two-headed ogre
 13802 | D:12     | Noticed a centaur warrior
 13814 | D:12     | Killed a centaur warrior
 14312 | D:12     | Found a staircase to the Orcish Mines.
 14324 | D:12     | Reached ****** piety under Trog
 15003 | D:13     | Noticed a centaur warrior
 15083 | D:13     | Killed a centaur warrior
 15314 | D:13     | Reached XP level 13. HP: 95/118 MP: 12/12
 15676 | D:13     | Found a gate to the Vaults.
 16213 | D:14     | Found Zucwuobe's Antique Armour Boutique.
 16253 | D:14     | Received a gift from Trog
 16356 | D:14     | Found Juedghit's Book Emporium.
 16381 | D:14     | Found Siyros's Armour Boutique.
 16384 | D:14     | Bought a +0 hat for 64 gold pieces
 16725 | D:14     | Found Ehushry's Magic Scroll Shop.
 16733 | D:14     | Bought a scroll of enchant weapon for 112 gold pieces
 17243 | D:15     | Entered Level 15 of the Dungeon
 17992 | D:15     | Found a staircase to the Depths.
 18055 | D:15     | Found Onuulial's Food Boutique.
 18140 | D:15     | Reached XP level 14. HP: 129/129 MP: 13/13
 18716 | Orc:1    | Entered Level 1 of the Orcish Mines
 18845 | Orc:2    | Entered Level 2 of the Orcish Mines
 19032 | Orc:2    | Noticed a stone giant
 19099 | Orc:1    | Received a gift from Trog
 19560 | Orc:2    | Noticed Josephine
 19560 | Orc:2    | Noticed Erolcha
 19567 | Orc:1    | Killed a stone giant
 19690 | Orc:2    | Killed Erolcha
 19903 | Orc:2    | Received a gift from Trog
 19908 | Orc:2    | Killed Josephine
 20497 | Orc:2    | Found Ugayzxoc's Jewellery Shop.
 20497 | Orc:2    | Found Celyefev's Distillery.
 20499 | Orc:2    | Found Muebae Jejo's Antique Armour Shop.
 20499 | Orc:2    | Found Guirghu's Distillery.
 20515 | Orc:2    | Bought a potion of heal wounds for 70 gold pieces
 20520 | Orc:2    | Bought the brooch of Shielding {Reflect SH+8} for 1169 gold pieces
 20520 | Orc:2    | Found the brooch of Shielding {Reflect SH+8}
 20528 | Orc:2    | Identified a scroll of acquirement
 20655 | Orc:2    | Found a staircase to the Elven Halls.
 20762 | Orc:2    | Found Zolityug's Food Shop.
 21204 | Orc:1    | Noticed an orc warlord
 21233 | Orc:2    | Killed an orc warlord
 21840 | Orc:1    | Found a deep blue altar of Sif Muna.
 22377 | Lair:1   | Entered Level 1 of the Lair of Beasts
 22432 | Lair:1   | Reached skill level 1 in Shields
 22439 | Lair:1   | Received a gift from Trog
 22660 | Lair:1   | Found a transporter.
 23196 | Lair:1   | Found a transporter.
 23960 | Lair:1   | Got a pair of pitted gloves
 23971 | Lair:1   | Identified the +1 pair of gloves of the Heavens {rF+ rCorr Str+4} (You acquired it on level 1 of the Lair of Beasts)
 24158 | Lair:2   | Found a staircase to the Snake Pit.
 24786 | Lair:3   | Found a snail-covered altar of Cheibriados.
 24872 | Lair:3   | Reached skill level 5 in Shields
 24873 | Lair:3   | Reached XP level 15. HP: 139/139 MP: 14/14
 25569 | Lair:4   | Received a gift from Trog
 25580 | Lair:4   | Got a transparent battleaxe {god gift}
 25627 | Lair:4   | Identified the +6 battleaxe of the Globe {distort, rElec} (Trog gifted it to you on level 4 of the Lair of Beasts)
 25772 | Lair:4   | Found a staircase to the Shoals.
 26446 | Lair:5   | Reached skill level 15 in Fighting
 26925 | Lair:6   | Entered Level 6 of the Lair of Beasts
 27453 | Lair:6   | Found a viscous altar of Jiyva.
 27455 | Lair:6   | Found a staircase to the Slime Pits.
 27782 | Lair:6   | Noticed puissantveil's ghost (journeyman GrEE)
 27808 | Lair:6   | Killed puissantveil's ghost
 27808 | Lair:6   | Reached skill level 15 in Armour
 28016 | Lair:6   | Received a gift from Trog
 28058 | Lair:6   | Identified a +0 pair of boots of running (You found it on level 6 of the Lair of Beasts)
 28240 | Snake:1  | Entered Level 1 of the Snake Pit
 28720 | Snake:1  | Noticed Aizul
 28734 | Snake:1  | Killed Aizul
 29157 | Snake:1  | Found Lidd's Jewellery Emporium.
 29158 | Snake:1  | Found Heniopyludd's Gadget Shop.
 29159 | Snake:1  | Found Xeaweadi's Jewellery Emporium.
 29165 | Snake:1  | Bought an uncursed ring of poison resistance for 280 gold pieces
 29179 | Snake:1  | Bought a +4 ring of protection for 504 gold pieces
 29708 | Snake:2  | Noticed a nagaraja
 29718 | Snake:2  | Killed a nagaraja
 29718 | Snake:2  | Reached skill level 10 in Shields
 30080 | Snake:2  | Found a runed door.
 30103 | Snake:2  | Reached XP level 16. HP: 150/150 MP: 15/15
 31058 | Snake:3  | Received a gift from Trog
 31363 | Snake:3  | Found Qiyko's Antique Armour Shoppe.
 32199 | Snake:4  | Entered Level 4 of the Snake Pit
 32864 | Snake:4  | Reached skill level 15 in Dodging
 33194 | Snake:4  | Received a gift from Trog
 33242 | Snake:4  | Got a serpentine rune of Zot
 33593 | Shoals:1 | Entered Level 1 of the Shoals
 33594 | Shoals:1 | Noticed Nikola
 33628 | Lair:4   | Killed Nikola
 34103 | Shoals:1 | Received a gift from Trog
 34355 | Shoals:1 | Reached XP level 17. HP: 160/160 MP: 16/16
 34725 | Shoals:2 | Found Huekh's Assorted Antiques.
 34790 | Shoals:2 | Found Qugorph's Food Shoppe.
 34812 | Shoals:2 | Found Numuoh's Assorted Antiques.
 34910 | Shoals:2 | Noticed Polyphemus
 34940 | Shoals:2 | Killed Polyphemus
 35159 | Shoals:2 | Found Beklaen's General Store.
 35187 | Shoals:2 | Bought a scroll of blinking for 127 gold pieces
 36110 | Shoals:3 | Noticed Roxanne
 36136 | Shoals:3 | Noticed Donald
 36148 | Shoals:3 | Killed Donald
 36260 | Shoals:3 | Killed Roxanne
 36261 | Shoals:3 | Identified Roxanne's Grimoire of Changing (You took it off Roxanne on level 3 of the Shoals)
 36377 | Shoals:3 | Noticed Ilsuiw
 36832 | Shoals:3 | Killed Ilsuiw
 37076 | Shoals:4 | Entered Level 4 of the Shoals
 37404 | Shoals:4 | Received a gift from Trog
 37894 | Shoals:4 | Reached skill level 15 in Shields
 37930 | Shoals:4 | Got a barnacled rune of Zot
 38347 | Shoals:4 | Got a fine chain mail
 38453 | Shoals:4 | Identified the +6 chain mail "Wuptupn" {-Cast rElec rCorr Int+5} (You found it on level 4 of the Shoals)
 38589 | Shoals:4 | Got a coiled iron ring
 38591 | Shoals:4 | Identified the ring "Xebo" {*Corrode rPois rF+ Str+9 Dex-4} (You found it on level 4 of the Shoals)
 38959 | Elf:1    | Entered Level 1 of the Elven Halls
 39164 | Elf:1    | Noticed Louise
 39171 | Elf:1    | Killed Louise
 39177 | Elf:1    | Reached XP level 18. HP: 170/171 MP: 17/17
 39546 | Elf:1    | Received a gift from Trog
 39912 | Elf:2    | Found a huge runed gate.
 39912 | Elf:2    | Found a huge runed gate.
 39913 | Elf:2    | Found a huge runed gate.
 39914 | Elf:2    | Found a huge runed gate.
 39921 | Elf:2    | Found a huge runed gate.
 40521 | Elf:3    | Entered Level 3 of the Elven Halls
 40823 | Elf:3    | Received a gift from Trog
 41040 | Elf:3    | Noticed an Ice Fiend
 41511 | Elf:3    | Noticed Asterion
 41520 | Elf:3    | Killed Asterion
 42009 | Elf:3    | Noticed an Ice Fiend
 42562 | Elf:3    | Identified Sif Muna's Collected Works on Floating Envenoming
 42689 | Elf:3    | Got a scintillating diamond amulet
 42744 | Elf:3    | Identified the Disquisition on Icy Earth
 42779 | Elf:3    | Got polished fire dragon scales
 42786 | Elf:3    | Identified the amulet "Nocvithra" {-Tele Regen+ Str+6 Slay+4 SInv} (You took it off a deep elf blademaster on level 3 of the Elven Halls)
 42797 | Elf:3    | Identified the +5 fire dragon scales "Xoibal" {rElec rF++ rC- rN++ Regen+ Int-2} (You took it off a deep elf blademaster on level 3 of the Elven Halls)
 42839 | Elf:3    | Got a steaming platinum ring
 42839 | Elf:3    | Got a dazzling plate armour
 42848 | Elf:3    | Identified the ring of Happiness {rN+ MP-9 Int+5 Stlth+} (You took it off a deep elf blademaster on level 3 of the Elven Halls)
 42875 | Elf:3    | Identified the +0 plate armour of the Echidna {MR+ Int+4} (You found it on level 3 of the Elven Halls)
 42944 | Elf:3    | Got an ancient bone ring
 43175 | Depths:1 | Entered Level 1 of the Depths
 43314 | Vaults:1 | Entered Level 1 of the Vaults
 43318 | Vaults:1 | Received a gift from Trog
 43331 | D:13     | Identified the ring of Miracles {+Inv rF- rC+ AC+3 Int+3} (You took it off a deep elf sorcerer on level 3 of the Elven Halls)
 43421 | Vaults:1 | Reached XP level 19. HP: 179/181 MP: 18/18
 43732 | Vaults:1 | Found Janwamor's Assorted Antiques.
 43850 | Vaults:1 | Found Aguyh's Magic Scroll Emporium.
 43859 | Vaults:1 | Bought a scroll of blinking for 105 gold pieces
 43859 | Vaults:1 | Bought a scroll of blinking for 105 gold pieces
 43859 | Vaults:1 | Bought a scroll of blinking for 105 gold pieces
 44190 | Vaults:1 | Received a gift from Trog
 44522 | Vaults:1 | Got an ichor-stained scale mail
 45252 | Vaults:2 | Found a staircase to the Crypt.
 45271 | Vaults:2 | Received a gift from Trog
 45583 | Vaults:2 | Noticed a lich
 46953 | Vaults:3 | Reached XP level 20. HP: 191/191 MP: 19/19
 46976 | Vaults:3 | Received a gift from Trog
 47050 | Vaults:3 | Got a bloodstained chain mail
 47338 | Vaults:3 | Received a gift from Trog
 48417 | Vaults:4 | Found a ruined gateway.
 48546 | Vaults:4 | Received a gift from Trog
 49006 | Vaults:4 | Found a burning altar of Makhleb.
 49465 | Vaults:4 | Noticed Frederick
 49477 | Vaults:4 | Killed Frederick
 50089 | Depths:1 | Reached XP level 21. HP: 201/201 MP: 20/20
 50262 | Depths:1 | Found Tiumaumi's Jewellery Emporium.
 50314 | Depths:1 | Found a gateway to Hell.
 50554 | Depths:1 | Found a portal to a secret trove of treasure.
 50843 | Depths:1 | Received a gift from Trog
 52078 | Depths:3 | Received a gift from Trog
 53086 | Depths:3 | Found a one-way gate leading to the halls of Pandemonium.
 53974 | Depths:2 | Received a gift from Trog
 54878 | Depths:2 | Reached XP level 22. HP: 209/209 MP: 21/21
 55177 | Depths:2 | Paralysed by a floating eye for 2 turns
 56002 | Depths:4 | Received a gift from Trog
 56241 | Depths:4 | Noticed a golden dragon
 56318 | Depths:4 | Killed a golden dragon
 56566 | Depths:4 | Got a shimmering amber ring
 56568 | Depths:4 | Identified the ring of Gunezoge {Ice Str+8 Stlth-} (You acquired it on level 4 of the Depths)
 56678 | Depths:4 | Found a one-way gate to the infinite horrors of the Abyss.
 56902 | Depths:4 | Noticed Saint Roka
 56915 | Depths:4 | Killed Saint Roka
 57185 | Depths:4 | Noticed a caustic shrike
 57562 | Depths:4 | Received a gift from Trog
 57831 | Depths:4 | Got a dazzling chain mail
 58075 | Depths:5 | Entered Level 5 of the Depths
 58081 | Depths:5 | Found a gateway to a ziggurat.
 58499 | Depths:5 | Noticed a golden dragon
 58513 | Depths:5 | Killed a golden dragon
 58684 | Depths:5 | Received a gift from Trog
 59096 | Depths:5 | Reached XP level 23. HP: 212/219 MP: 22/22
 60208 | Depths:5 | Found a gate to the Realm of Zot.
 60774 | Vaults:5 | Entered Level 5 of the Vaults
 60777 | Vaults:5 | Noticed an ancient lich
 60800 | Vaults:5 | Received a gift from Trog
 60802 | Vaults:5 | Killed an ancient lich
 61319 | Vaults:5 | Received a gift from Trog
 61880 | Vaults:5 | Reached XP level 24. HP: 150/229 MP: 22/22
 62216 | Vaults:5 | Received a gift from Trog
 62559 | Vaults:5 | Got a silver rune of Zot
 62718 | Vaults:5 | Received a gift from Trog
 62943 | Vaults:5 | Got a warped chain mail
 63631 | Vaults:5 | Identified the Catalogue of the Frostbite and Enchantment
 63646 | Vaults:5 | Got a faintly humming scale mail
 64183 | Zot:1    | Entered Level 1 of the Realm of Zot
 64214 | Zot:1    | Noticed an orb of fire
 64215 | Zot:1    | Gained mutation: Your magical capacity is low. (-10% MP) [an orb of fire]
 64224 | Zot:1    | Gained mutation: Armour fits poorly on your strangely shaped body. [an orb of fire]
 64230 | Zot:1    | Gained mutation: You are weak. (Str -2) [an orb of fire]
 64233 | Zot:1    | Gained mutation: You occasionally shout uncontrollably at your foes. [an orb of fire]
 64241 | Zot:1    | Killed an orb of fire
 64244 | Zot:1    | HP: 1/231 [storm dragon/bolt of lightning (21)]
 65119 | Zot:1    | Received a gift from Trog
 67681 | Zot:2    | Reached XP level 25. HP: 240/240 MP: 19/19
 70694 | D:14     | Bought a scroll of enchant armour for 112 gold pieces
 71586 | Zot:3    | Got a pair of steaming gloves
 71671 | Zot:3    | Identified the cursed +0 pair of gloves of the Garden {rC+} (You found it on level 3 of the Realm of Zot)
 72369 | Zot:4    | Received a gift from Trog
 74009 | Zot:5    | Entered Level 5 of the Realm of Zot
 74129 | Zot:5    | Reached XP level 26. HP: 238/254 MP: 19/19
 74212 | Zot:5    | Noticed an ancient lich
 74214 | Zot:5    | Paralysed by an ancient lich for 3 turns
 74227 | Zot:5    | Killed an ancient lich
 74645 | Zot:5    | Noticed an ancient lich
 74654 | Zot:5    | Killed an ancient lich
 74769 | Zot:5    | Received a gift from Trog
 75460 | Zot:5    | Noticed an ancient lich
 75471 | Zot:5    | Killed an ancient lich
 75970 | Zot:5    | Noticed an ancient lich
 75980 | Zot:5    | Killed an ancient lich
 76783 | Zot:5    | Noticed an ancient lich
 76826 | Zot:5    | Killed an ancient lich
 77602 | Zot:5    | Noticed an ancient lich
 77605 | Zot:5    | Noticed an orb of fire
 77618 | Zot:5    | Killed an ancient lich
 77634 | Zot:5    | Gained mutation: You have large cloven feet. [an orb of fire]
 77639 | Zot:5    | Killed an orb of fire
 77877 | Zot:5    | Noticed an ancient lich
 77902 | Zot:5    | Killed an ancient lich
 77964 | Zot:5    | Noticed an orb of fire
 77969 | Zot:5    | Gained mutation: Your magical capacity is very low. (-20% MP) [an orb of fire]
 77970 | Zot:5    | Gained mutation: You tend to lose your temper in combat. [an orb of fire]
 77987 | Zot:5    | Killed an orb of fire
 78195 | Zot:5    | Reached XP level 27. HP: 253/266 MP: 17/17
 78440 | Zot:5    | Noticed an orb of fire
 78454 | Zot:5    | Gained mutation: You are frail. (-10% HP) [an orb of fire]
 78464 | Zot:5    | Gained mutation: You sometimes yell uncontrollably at your foes. [an orb of fire]
 78468 | Zot:5    | Killed an orb of fire
 79190 | Zot:5    | Got the Orb of Zot
 79292 | Zot:5    | Noticed Dophuche the pandemonium lord
 79311 | Zot:5    | Killed from afar by Dophuche the pandemonium lord

Vault maps used:
D:1:      minmay_arrival_three_doors, ashenzari_altar_1
D:2:      cheibrodos_greedy_goblins, chequers_ecumenical_altar_simple_redux,
          first_ration, uniq_sigmund, uniq_crazy_yiuf_cottage
D:3:      makhleb_grotto_becter
D:4:      lemuel_doored_altar, nicolae_gozag_cash_rules_everything_around_me,
          corexii_item_surrounded_by_moat
D:5:      nicolae_tso_besieged_by_evil
D:6:      minmay_goblin_kobold_castle, xom_redecorated
D:7:      minmay_temple_entry_statues_fountains, roderic_serpentine_path,
          grunt_ogre_cave, minmay_misc_feat_rows
D:8:      minmay_flawed_box, lemuel_round_altar, serial_shops, shop
D:9:      kennysheep_little_box, roderic_batcave, serial_bayou_lake_a
D:10:     uniq_nergalle, uniq_maurice
D:11:     lair_entry_dummy, minmay_joined_circles
D:12:     erik_orc_1, serial_glass, glass_columns_b, glass_columns_a,
          minmay_strange_pillars
D:13:     david_vaults_2, spider_trap
D:14:     serial_shops, shop_fountains, shop, nicolae_shop_behind_doors, shop,
          hangedman_weighted_door
D:15:     gammafunk_depths_entry_grave, hangedman_decor_growths, serial_shops,
          shop
Lair:1:   gammafunk_cloud_chamber, st_stairs_13
Lair:2:   minmay_snake_entry_guardpost_small, cheibrodos_lair_lostbears
Lair:3:   basic_altar
Lair:4:   minmay_shoals_entry_centaurs
Lair:5:   infiniplex_staircase_pool, serial_bayou_shore_b, grunt_megastairs_1
Lair:6:   grunt_lair_end_beastmaster, slime_altar_1
Shoals:1: uniq_nikola
Shoals:2: serial_shops, shop, nicolae_shop_stone, nicolae_shop_waterfront,
          nicolae_shoals_c_island, uniq_polyphemus
Shoals:3: nicolae_shoals_undead_eyrie, uniq_donald, uniq_roxanne, uniq_ilsuiw
Shoals:4: shoals_end_simple, shoals_ilsuiw_alternative
Snake:1:  minmay_shop_grove, uniq_aizul
Snake:2:  cheibrodos_toxic_ritual, nicolae_snake_single_loop
Snake:3:  serial_shops, nicolae_shop_stone
Snake:4:  snake_pit, grunt_ministairs_10, serial_bayou_pond_a
Orc:1:    led_sif_book
Orc:2:    grunt_orc_tribal_feast, serial_shops, nicolae_shop_trees,
          uniq_josephine, uniq_erolcha
Elf:1:    minmay_elf_arrival_summoners, minmay_elf_crystal_hexagon, uniq_louise
Elf:2:    minivault_19, nicolae_wwwww, small_statue_intersection,
          statue_in_the_mist_lemuel
Elf:3:    elf_hall_gauntlet_narrow, uniq_asterion
Vaults:1: nicolae_vaults_shelves_hall, vaults_mumra_bighexcomb,
          vaults_mumra_chevron, nicolae_vaults_rhombus_5,
          nicolae_vaults_what_the_h, v_misc_30, ontoclasm_vaults_twist,
          v_misc_12, v_pattern_4, dpeg_vaults_monster_box, vaults_room_corners,
          serial_shops, shop, shop_scrolls
Vaults:2: v_rooms_5, minmay_crypt_entry_simple_round,
          nicolae_vaults_specimen_jars, vaults_room_hangedman_quadrants,
          v_misc_23, ontoclasm_vaults_gateway, nicolae_vaults_shelves_hall,
          ontoclasm_vaults_idyll, vaults_room_grunt_arrival_ludios,
          nicolae_vaults_diagonal_hallway_7, uniq_xtahua
Vaults:3: v_alt_pattern_5, ontoclasm_vaults_ring_small, grunt_vaults_focal,
          nicolae_vaults_little_squares_5, v_misc_33, v_misc_17, v_misc_30,
          nicolae_vaults_circle_grid_b, v_rooms_3, ontoclasm_vaults_bender,
          v_misc_26, vaults_dpeg_cross, nicolae_vaults_diagonal_hallway_7,
          vaults_dpeg_diagonal
Vaults:4: vaults_room_door_hall, vaults_dpeg_hooks, v_pattern_1,
          hangedman_vaults_hard_town_square, grunt_vaults_hallway_short,
          hangedman_vaults_unwind, v_rooms_5, nicolae_vaults_network_square,
          nicolae_vaults_gold_heap, hangedman_vaults_impose,
          portal_desolation_entry_garden, basic_altar, uniq_frederick
Vaults:5: serial_shops
Depths:1: interstate_on_off, pf_hell_entry_tar_spiral, enter_trove_3,
          serial_shops, nicolae_shop_statue_plus, spider_trap,
          roderic_lattice_a, nrook_uturn, minivault_14, lemuel_flamethrower_2
Depths:2: lemuel_river_lethe, abyss_entry, hell_entry
Depths:3: minmay_outward_triangles, serial_bayou_pond_c, rand_demon_pan_entry_4,
          hellmouth_1, infiniplex_staircase_trident
Depths:4: minmay_expanding_circles, abyss_entry, lightli_too_deep, hex_tiny,
          minmay_staircase_statues_hall_large, grunt_megastairs_3,
          uniq_saint_roka
Depths:5: grunt_zot_entry_pinwheel, enter_ziggurat_b, pf_coc_iceberg,
          grunt_pan_entry_zigzag, laboratory
Zot:1:    grunt_megastairs_2
Zot:4:    circus_mu
Zot:5:    st_stairs_3, grunt_ministairs_7, basic_stair_grate_trap

Skill      XL: |  1  2  3  4  5  6  7  8  9 10 11 12 13 14 15 16 17 18 19 20 21 22 23 24 25 26 27 |
---------------+----------------------------------------------------------------------------------+-----
Axes           | 4 5 6 8 9 11 12 14 16 17 18 19 20 21 22 | 22.7
Fighting       | 4 5 6 7 8 9 11 12 13 14 15 16 17 18 19 20 21 22 23 25 | 25.8
Armour         | 3 4 5 6 8 9 10 11 13 14 15 16 17 18 19 20 21 22 23 24 25 | 25.5
Dodging        | 3 4 5 6 7 8 9 11 12 13 14 15 16 17 18 19 20 21 22 23 | 23.9
Shields        | 5 10 13 15 16 17 19 20 21 23 24 25 | 25.0

Action                   |  1- 3 |  4- 6 |  7- 9 | 10-12 | 13-15 | 16-18 | 19-21 | 22-24 | 25-27 || total
-------------------------+-------+-------+-------+-------+-------+-------+-------+-------+-------++-------
Melee: Hand axe          |    81 |    96 |       |       |       |       |       |       |       ||   177
       Headbutt          |    15 |    11 |    54 |   106 |   208 |   304 |   421 |   370 |   399 ||  1888
       War axe           |       |    30 |   237 |       |       |       |       |       |       ||   267
       Battleaxe         |       |       |    61 |       |       |       |       |       |       ||    61
       Broad axe         |       |       |    29 |   418 |   821 |  1141 |  1300 |  1109 |  1070 ||  5888
Throw: Tomahawk          |       |     5 |    35 |    57 |   100 |    21 |     5 |     8 |     8 ||   239
Invok: Berserk           |       |     2 |     5 |    18 |    21 |    23 |    16 |    24 |    18 ||   127
       Trog's Hand       |       |     1 |     1 |       |       |       |       |     1 |     1 ||     4
       Brothers in Arms  |       |       |       |       |    10 |     5 |     1 |     3 |       ||    19
 Abil: Evoke Flight      |       |       |     1 |       |       |       |       |       |       ||     1
Evoke: Wand              |       |       |       |     1 |       |     1 |       |       |       ||     2
       Lamp of fire      |       |       |       |       |       |     1 |       |       |       ||     1
       Phial of floods   |       |       |       |       |       |     1 |       |       |       ||     1
  Use: Scroll            |       |       |     8 |    20 |    14 |    18 |     1 |    19 |    15 ||    95
       Potion            |       |       |       |       |     1 |       |       |     8 |     9 ||    18
 Stab: Confused          |       |       |       |     1 |       |       |       |       |     2 ||     3
       Distracted        |       |       |       |       |     2 |     1 |     3 |     1 |       ||     7
  Eat: Chunk             |       |     8 |     8 |    30 |    29 |    17 |    28 |    15 |    10 ||   145
       Ration            |       |       |     4 |     4 |    13 |    13 |     7 |    14 |    12 ||    67
Armor: Animal skin       |     3 |       |       |       |       |       |       |       |       ||     3
       Scale mail        |    19 |    53 |       |       |       |       |       |       |       ||    72
       Plate armour      |       |       |   179 |   187 |       |       |       |       |       ||   366
       Chain mail        |       |       |    10 |       |       |       |       |       |       ||    10
       Crystal plate arm |       |       |       |    42 |   365 |   285 |   210 |   290 |    52 ||  1244
       Gold dragon scale |       |       |       |       |       |       |       |       |   158 ||   158
Dodge: Dodged            |    42 |    72 |   182 |   148 |   265 |   208 |   192 |   319 |   246 ||  1674
Block: Shield            |       |       |       |   112 |   379 |    59 |       |       |       ||   550
       Other             |       |       |       |       |    55 |       |       |       |       ||    55
       Reflection        |       |       |       |       |    35 |   178 |   131 |    96 |    17 ||   457
       Large shield      |       |       |       |       |       |  1245 |  1292 |  1536 |  1210 ||  5283

Table legend:
 A = Spawn XP
 B = Non-spawn XP
 C = Spawn XP percentage of total XP
 D = Spawn monster count
 E = Non-spawn monster count
 F = Spawn count percentage of total count
 G = Total turns spent on level
                    A         B        C        D         E        F      G
               +---------+---------+-------+---------+---------+-------+---------
         Total |       0 | 1586479 |   0.0 |       0 |    2299 |   0.0 | 79311
               +---------+---------+-------+---------+---------+-------+---------
           D:1 |       0 |      51 |   0.0 |       0 |      29 |   0.0 |   731
           D:2 |       0 |     326 |   0.0 |       0 |      30 |   0.0 |   704
           D:3 |       0 |     198 |   0.0 |       0 |      29 |   0.0 |   846
           D:4 |       0 |     234 |   0.0 |       0 |      15 |   0.0 |  1128
           D:5 |       0 |     393 |   0.0 |       0 |      28 |   0.0 |  1358
           D:6 |       0 |    1335 |   0.0 |       0 |      74 |   0.0 |  1547
           D:7 |       0 |    1089 |   0.0 |       0 |      31 |   0.0 |   856
           D:8 |       0 |    3060 |   0.0 |       0 |      29 |   0.0 |  1324
           D:9 |       0 |    2174 |   0.0 |       0 |      32 |   0.0 |  1408
          D:10 |       0 |    4272 |   0.0 |       0 |      29 |   0.0 |  2324
          D:11 |       0 |   10642 |   0.0 |       0 |      55 |   0.0 |  1439
          D:12 |       0 |    5654 |   0.0 |       0 |      40 |   0.0 |  1450
          D:13 |       0 |   14008 |   0.0 |       0 |      41 |   0.0 |  1519
          D:14 |       0 |   12280 |   0.0 |       0 |      44 |   0.0 |  1680
          D:15 |       0 |    9439 |   0.0 |       0 |      21 |   0.0 |  1377
        Lair:1 |       0 |    7760 |   0.0 |       0 |      24 |   0.0 |  1530
        Lair:2 |       0 |    5072 |   0.0 |       0 |      29 |   0.0 |   749
        Lair:3 |       0 |    5827 |   0.0 |       0 |      11 |   0.0 |   683
        Lair:4 |       0 |   12069 |   0.0 |       0 |      22 |   0.0 |  1404
        Lair:5 |       0 |    5319 |   0.0 |       0 |      19 |   0.0 |   643
        Lair:6 |       0 |   15518 |   0.0 |       0 |      42 |   0.0 |  1255
      Shoals:1 |       0 |    8020 |   0.0 |       0 |      18 |   0.0 |   804
      Shoals:2 |       0 |   12901 |   0.0 |       0 |      24 |   0.0 |   906
      Shoals:3 |       0 |   23008 |   0.0 |       0 |      38 |   0.0 |  1478
      Shoals:4 |       0 |   27578 |   0.0 |       0 |      50 |   0.0 |  1609
       Snake:1 |       0 |    9427 |   0.0 |       0 |      18 |   0.0 |  1342
       Snake:2 |       0 |   15694 |   0.0 |       0 |      33 |   0.0 |  1422
       Snake:3 |       0 |   17226 |   0.0 |       0 |      35 |   0.0 |  1280
       Snake:4 |       0 |   29394 |   0.0 |       0 |      48 |   0.0 |  1248
         Orc:1 |       0 |    8215 |   0.0 |       0 |      56 |   0.0 |  2169
         Orc:2 |       0 |   14010 |   0.0 |       0 |      56 |   0.0 |  1442
         Elf:1 |       0 |   16741 |   0.0 |       0 |      25 |   0.0 |   888
         Elf:2 |       0 |   19931 |   0.0 |       0 |      29 |   0.0 |   722
         Elf:3 |       0 |   49978 |   0.0 |       0 |      57 |   0.0 |  2471
      Vaults:1 |       0 |   59136 |   0.0 |       0 |     102 |   0.0 |  1962
      Vaults:2 |       0 |   43137 |   0.0 |       0 |      73 |   0.0 |  1891
      Vaults:3 |       0 |   49861 |   0.0 |       0 |      68 |   0.0 |  1536
      Vaults:4 |       0 |   66642 |   0.0 |       0 |     103 |   0.0 |  2561
      Vaults:5 |       0 |  177819 |   0.0 |       0 |     152 |   0.0 |  2025
      Depths:1 |       0 |   54225 |   0.0 |       0 |      84 |   0.0 |  1779
      Depths:2 |       0 |   52181 |   0.0 |       0 |      95 |   0.0 |  2576
      Depths:3 |       0 |   38119 |   0.0 |       0 |      45 |   0.0 |  2310
      Depths:4 |       0 |   71191 |   0.0 |       0 |      77 |   0.0 |  1850
      Depths:5 |       0 |   80647 |   0.0 |       0 |      84 |   0.0 |  3009
         Zot:1 |       0 |   71488 |   0.0 |       0 |      44 |   0.0 |  2983
         Zot:2 |       0 |   59303 |   0.0 |       0 |      40 |   0.0 |  2562
         Zot:3 |       0 |   36394 |   0.0 |       0 |      20 |   0.0 |  1664
         Zot:4 |       0 |   82944 |   0.0 |       0 |      52 |   0.0 |  2758
         Zot:5 |       0 |  274549 |   0.0 |       0 |      99 |   0.0 |  4109
               +---------+---------+-------+---------+---------+-------+---------
